 Dungeon Crawl Stone Soup version 0.24-a0-417-g1cce26a4d2 (webtiles) character file.

Game seed: 9371118899283106920

31516 Avack the Dealer of Despair (level 13, -12/96 HPs)
             Began as a Mummy Wizard on June 10, 2019.
             Was an Elder of Kikubaaqudgha.
             Killed from afar by a lindwurm (73 damage)
             ... with a blast of flame
             ... on level 6 of the Lair of Beasts.
             The game lasted 01:13:37 (23056 turns).

Avack the Dealer of Despair (Mummy Wizard)         Turns: 23056, Time: 01:13:38

Health: -12/96     AC:  9    Str: 10    XL:     13   Next: 26%
Magic:  22/24      EV: 19    Int: 21    God:    Kikubaaqudgha [****..]
Gold:   442        SH:  5    Dex: 12    Spells: 3/27 levels left

rFire    x . .     SeeInvis .   a - staff of energy
rCold    + . .     Gourm    .   g - +0 buckler
rNeg     + + +     Faith    .   o - +1 robe {Archmagi}
rPois    ∞         Spirit   .   e - +0 hat
rElec    .         Reflect  .   p - +2 cloak
rCorr    .         Harm     .   w - +2 pair of gloves
MR       +....                  (no boots)
Stlth    ++........             D - amulet of magic regeneration
HPRegen  0.26/turn              l - +4 ring of evasion
MPRegen  0.44/turn              h - ring of wizardry

@: no status effects
A: no food or potions, fire vulnerability, cold resistance 1, negative energy
resistance 3, torment resistance, unbreathing, in touch with death 1
a: Receive Corpses, Renounce Religion


You were on level 6 of the Lair of Beasts.
You worshipped Kikubaaqudgha.
Kikubaaqudgha was greatly pleased with you.
You were not hungry.

You visited 3 branches of the dungeon, and saw 16 of its levels.
You also visited: Sewer.

You collected 832 gold pieces.
You spent 390 gold pieces at shops.

Inventory:

Hand Weapons
 b - a +1 mace of protection
Missiles
 f - 358 stones
 n - 73 poisoned darts (quivered)
 q - a throwing net
 s - 2 boomerangs
Armour
 e - a +0 hat (worn)
 g - a +0 buckler (worn)
 o - a +1 robe of the Archmagi (worn)
 p - a +2 cloak (worn)
 u - a +2 robe of cold resistance
 w - a +2 pair of gloves (worn)
Magical Staves
 a - an uncursed staff of energy (weapon)
Jewellery
 h - a ring of wizardry (right hand)
 i - an uncursed ring of see invisible
 l - a +4 ring of evasion (left hand)
 r - a +4 ring of intelligence
 v - an uncursed ring of stealth
 D - an amulet of magic regeneration (around neck)
Wands
 z - a wand of digging (4)
 A - a wand of acid (5)
 B - a wand of paralysis (14)
 C - a wand of clouds (5)
 F - a wand of polymorph (9)
 H - a wand of disintegration (9)
Scrolls
 c - 2 scrolls of teleportation
 d - 6 scrolls of enchant weapon
 j - 7 scrolls of remove curse
 k - 5 scrolls of amnesia
 m - 3 scrolls of immolation
 t - 2 scrolls of fear
 x - 3 scrolls of identify
 E - a scroll of silence
 G - a scroll of magic mapping
Miscellaneous
 y - a phantom mirror


   Skills:
 - Level 7.0 Fighting
 - Level 6.2 Dodging
 - Level 3.2 Stealth
 - Level 4.3 Shields
 - Level 7.9 Spellcasting
 - Level 6.1 Conjurations
 - Level 2.0 Summonings
 * Level 10.2 Necromancy
 - Level 2.6 Translocations
 - Level 4.7 Fire Magic
 - Level 3.3 Air Magic
 + Level 5.0 Earth Magic
 - Level 3.2 Poison Magic
 - Level 7.2 Evocations


You had 3 spell levels left.
You knew the following spells:

 Your Spells              Type           Power        Failure   Level  Hunger
a - Magic Dart            Conj           ####         1%          1    N/A
b - Blink                 Tloc           N/A          1%          2    N/A
c - Call Imp              Summ           ####....     2%          2    N/A
d - Conjure Flame         Conj/Fire      #####...     1%          3    N/A
e - Mephitic Cloud        Conj/Pois/Air  #####...     1%          3    N/A
f - Vampiric Draining     Necr           #######...   1%          3    N/A
g - Animate Skeleton      Necr           N/A          1%          1    N/A
h - Sticky Flame          Conj/Fire      #####...     3%          4    N/A
i - Borgnjor's Vile Clut  Necr/Erth      ######....   4%          5    N/A

Your spell library contained the following spells:

 Spells                   Type           Power        Failure   Level  Hunger
 Flame Tongue             Conj/Fire      #####        1%          1    N/A
 Pain                     Necr           ####         1%          1    N/A
 Corpse Rot               Necr           N/A          1%          2    N/A
 Throw Flame              Conj/Fire      #####.       1%          2    N/A
 Inner Flame              Hex/Fire       ####....     3%          3    N/A
 Slow                     Hex            ##......     4%          2    N/A
 Animate Dead             Necr           N/A          1%          4    N/A
 Agony                    Necr           #######.     1%          5    N/A
 Dispel Undead            Necr           #######.     1%          5    N/A
 Fireball                 Conj/Fire      #####.....   10%         5    N/A
 Simulacrum               Ice/Necr       ######....   50%         6    N/A

Dungeon Overview and Level Annotations

Branches:
Dungeon (9/15)             Temple (1/1) D:6            Lair (6/6) D:8
  Swamp (0/4) Lair:4        Snake (0/4) Lair:3        Slime (0/5) Lair:6
    Orc: D:9-12

Altars:
Ashenzari
Cheibriados
Dithmenos
Elyvilon
Hepliaklqana
Kikubaaqudgha
Makhleb
Okawaru
Qazlal
Sif Muna
Vehumet
Xom
Yredelemnul
Zin
The Shining One

Shops:
D:5 *

Annotations:
D:5 Grinder
D:9 Harold
Lair:2 exclusion: ice statue
Lair:3 exclusions: electric eel and 2 more exclusions
Lair:5 1 runed translucent door, exclusion: 3 oklob plants, Yroustr Jeul's ghost, journeyman MiBe


Innate Abilities, Weirdness & Mutations

You do not eat or drink.
Your flesh is vulnerable to fire.
You are immune to poison.
Your flesh is cold resistant. (rC+)
You are immune to negative energy. (rN+++)
You are immune to unholy pain and torment.
You can survive without breathing.
You are in touch with the powers of death.


Message History

Zombie hands grab the lindwurm.
The zombie hands constrict the lindwurm!
The lindwurm breathes flames at you. The blast of flame hits you!!!
The fire burns you terribly!
The zombie hands constrict the lindwurm!
The lindwurm struggles to escape constriction.
The zombie hands lose their grip on something.
The lindwurm breathes flames at you. The blast of flame hits you.
The fire burns you terribly!
Casting: Borgnjor's Vile Clutch (safe; 4% risk of failure)
Confirm with . or Enter, or press ? or * to list all spells.
You feel a surge of power!
A shadowy apparition takes form in the air.
The lindwurm breathes flames at you.
The blast of flame hits the fungus!!
The fungus is destroyed!
The blast of flame hits you!!!! The fire burns you terribly!
Ouch! That really hurt!
You die...
Kikubaaqudgha rasps: "You have failed me!
Welcome... oblivion!"

..........###
............#
............#
............#
.........##.####
........##...P.##
.......####.....### #
.....########..##.#.#
#P #.#......@...#P
###.........5......
#.......P.P.P.P...#
#..........P.######
#......k....##
#...........##
#............#
#P..........## .#
##...........#


You could see a lindwurm and a friendly shadow imp.

Vanquished Creatures
  An ice dragon (Lair:2)
  3 hydras
  2 death yaks (Lair:6)
  A two-headed ogre (D:8)
  Nergalle (Lair:2)
  4 black mambas
  9 elephants
  Psyche (D:8)
  8 spiny frogs
  A rime drake (Lair:5)
  3 komodo dragons
  2 polar bears
  15 blink frogs
  5 hippogriffs
  4 dream sheep (Lair:6)
  24 yaks
  3 basilisks
  6 nagas (Lair:3)
  Duvessa (D:6)
  4 water moccasins
  7 porcupines
  An orc warrior (D:7)
  7 ice beasts
  2 sky beasts
  3 ogres (D:7)
  18 wolves
  2 centaurs
  3 crocodiles
  A big kobold (D:7)
  A gnoll sergeant (D:9)
  11 bullfrogs
  Dowan (D:6)
  3 scorpions
  A water moccasin skeleton (D:7)
  A howler monkey (D:9)
  3 crimson imps
  3 hounds
  A centaur skeleton (D:5)
  2 jellies
  5 orc wizards
  2 bullfrog skeletons
  6 worker ants
  Natasha (thrice) (D:2)
  2 iguanas
  A killer bee zombie (D:8)
  A hound skeleton (D:5)
  14 adders
  5 gnolls (D:9)
  A shadow imp (D:9)
  A white imp (Lair:2)
  5 oozes
  An adder skeleton (D:8)
  A worm (D:2)
  5 leopard geckos
  24 orcs
  7 bats
  10 giant cockroaches
  6 hobgoblins
  5 jackals
  3 quokkas
  2 ball pythons (Sewer)
  10 frilled lizards
  9 goblins
  A jackal skeleton (D:7)
  19 kobolds
  8 rats
  4 plants
330 creatures vanquished.

Vanquished Creatures (collateral kills)
  3 hydras
  A death yak (Lair:6)
  2 elephants
  A polar bear (Lair:2)
  3 blink frogs
  A yak (Lair:1)
  A basilisk (Lair:6)
  A hungry ghost (D:8)
  Menkaure (D:5)
  4 water moccasins
  4 porcupines
  An ice beast (Lair:2)
  3 wolves
  A centaur (D:5)
  2 crocodiles
  A howler monkey (D:6)
  2 crimson imps
  A hound (D:6)
  An iguana (D:5)
  A worker ant (D:4)
  A hound skeleton (D:5)
  4 adders
  2 worms
  2 dart slugs
  A leopard gecko (D:4)
  A goblin (D:3)
  4 jackals
  4 kobolds
  5 frilled lizards (D:1)
  A rat (D:2)
  4 fungi
  3 plants
67 creatures vanquished.

Vanquished Creatures (others)
  A butterfly (Lair:6)
  18 fungi
  21 plants
40 creatures vanquished.

Grand Total: 437 creatures vanquished

Notes
Turn   | Place    | Note
-------+----------+-------------------------------------------
     0 | D:1      | Avack the Mummy Wizard began the quest for the Orb.
     0 | D:1      | Reached XP level 1. HP: 13/13 MP: 5/5
    39 | D:1      | Reached skill level 1 in Conjurations
   312 | D:1      | Reached XP level 2. HP: 18/19 MP: 0/7
   316 | D:1      | Learned a level 2 spell: Blink
   319 | D:1      | Learned a level 2 spell: Call Imp
   674 | D:1      | Reached skill level 1 in Summonings
   676 | D:1      | Reached skill level 1 in Translocations
   941 | D:1      | Reached XP level 3. HP: 24/24 MP: 1/8
   950 | D:1      | Learned a level 3 spell: Conjure Flame
  1728 | D:2      | Learned a level 3 spell: Mephitic Cloud
  1796 | D:2      | Reached XP level 4. HP: 24/30 MP: 1/10
  1900 | D:2      | Found a shadowy altar of Dithmenos.
  2007 | D:2      | Noticed Natasha
  2075 | D:2      | Killed Natasha
  2166 | D:2      | Noticed Natasha
  2173 | D:2      | Killed Natasha
  2184 | D:2      | Noticed Natasha
  2192 | D:2      | Killed Natasha
  2192 | D:2      | Reached XP level 5. HP: 35/35 MP: 3/11
  4150 | D:4      | Found a glowing silver altar of Zin.
  4165 | D:4      | Found a glowing drain.
  4215 | D:4      | Reached skill level 1 in Poison Magic
  4221 | Sewer    | Entered a sewer
  4385 | Sewer    | Reached XP level 6. HP: 34/41 MP: 9/12
  4734 | Sewer    | Reached skill level 1 in Fire Magic
  4774 | Sewer    | Reached skill level 1 in Air Magic
  5018 | D:4      | Found a snail-covered altar of Cheibriados.
  6432 | D:5      | Entered Level 5 of the Dungeon
  6432 | D:5      | Found Addayli's Assorted Antiques.
  6460 | D:5      | Reached XP level 7. HP: 42/46 MP: 4/13
  6472 | D:5      | Noticed Menkaure
  7520 | D:5      | Killed Menkaure
  7586 | D:5      | Noticed Grinder
  7666 | D:5      | Found a white marble altar of Elyvilon.
  8200 | D:6      | Noticed Duvessa
  8202 | D:6      | Noticed Dowan
  8225 | D:6      | Found an iron altar of Okawaru.
  8237 | D:6      | Found a staircase to the Ecumenical Temple.
  8281 | D:6      | Killed Duvessa
  8281 | D:6      | Reached XP level 8. HP: 46/52 MP: 2/14
  8307 | Temple   | Entered the Ecumenical Temple
  8405 | D:6      | Killed Dowan
  8938 | D:7      | Reached skill level 1 in Fighting
  8938 | D:7      | Reached skill level 1 in Shields
  9680 | D:7      | Found a hazy altar of Hepliaklqana.
 10090 | D:7      | Reached XP level 9. HP: 54/64 MP: 11/15
 10396 | D:7      | Found a stormy altar of Qazlal.
 10533 | D:8      | Found a deep blue altar of Sif Muna.
 10850 | D:8      | Noticed Psyche
 10861 | D:8      | Killed Psyche
 11013 | D:8      | Found a staircase to the Lair.
 11150 | D:8      | Noticed a two-headed ogre
 11219 | D:8      | Killed a two-headed ogre
 11219 | D:8      | Reached skill level 5 in Fighting
 11644 | D:8      | Reached skill level 5 in Dodging
 11787 | Temple   | Became a worshipper of Kikubaaqudgha
 12487 | D:9      | Noticed a troll
 12504 | D:9      | Noticed Harold
 12738 | Lair:1   | Entered Level 1 of the Lair of Beasts
 12818 | D:5      | Bought a pair of embroidered gloves for 150 gold pieces
 12818 | D:5      | Bought a crooked smoking staff for 240 gold pieces
 12993 | Lair:1   | Noticed a five-headed hydra
 12994 | Lair:1   | Reached skill level 1 in Evocations
 12994 | Lair:1   | Reached XP level 10. HP: 76/76 MP: 9/16
 13454 | Lair:1   | Reached * piety under Kikubaaqudgha
 13454 | Lair:1   | Identified Kikubaaqudgha's Grimoire of Sinister Magic
                  | (Kikubaaqudgha gifted it to you on level 1 of the Lair of
                  | Beasts)
 13454 | Lair:1   | Received a gift from Kikubaaqudgha
 13461 | Lair:1   | Learned a level 3 spell: Vampiric Draining
 13463 | Lair:1   | Learned a level 1 spell: Animate Skeleton
 14580 | Lair:2   | You fall into a shaft and drop 1 floor!
 14580 | Lair:3   | Noticed a seven-headed hydra
 14617 | Lair:3   | Killed a seven-headed hydra
 14617 | Lair:3   | Reached skill level 5 in Evocations
 15014 | Lair:3   | Noticed a spiny frog
 15250 | Lair:2   | Noticed a spiny frog
 15263 | Lair:2   | Killed a spiny frog
 15319 | Lair:2   | Noticed Nergalle
 15357 | Lair:2   | Noticed a spiny frog
 15423 | Lair:2   | Noticed an ice dragon
 15533 | Lair:2   | Noticed a seven-headed hydra
 15915 | Lair:2   | Noticed a spiny frog
 15917 | Lair:2   | Reached skill level 5 in Spellcasting
 16039 | Lair:1   | Learned a level 4 spell: Sticky Flame
 16090 | Lair:2   | Reached XP level 11. HP: 81/81 MP: 11/18
 16211 | Lair:2   | Reached ** piety under Kikubaaqudgha
 16211 | Lair:2   | Reached skill level 5 in Conjurations
 16242 | Lair:2   | Noticed a four-headed hydra
 16252 | Lair:2   | Killed a four-headed hydra
 16796 | Lair:2   | Killed an ice dragon
 16957 | Lair:2   | Killed Nergalle
 16957 | Lair:2   | Reached skill level 2 in Necromancy
 17341 | Lair:2   | Reached skill level 3 in Necromancy
 17492 | Lair:2   | Killed a seven-headed hydra
 17492 | Lair:2   | Reached skill level 4 in Necromancy
 17598 | Lair:2   | Reached skill level 5 in Necromancy
 18154 | Lair:3   | Reached XP level 12. HP: 74/89 MP: 7/19
 18291 | Lair:3   | Reached *** piety under Kikubaaqudgha
 18291 | Lair:3   | Identified Kikubaaqudgha's Compendium of Necromancy
                  | (Kikubaaqudgha gifted it to you on level 3 of the Lair of
                  | Beasts)
 18291 | Lair:3   | Received a gift from Kikubaaqudgha
 18473 | Lair:3   | Found a staircase to the Snake Pit.
 19446 | Lair:4   | Learned a level 5 spell: Borgnjor's Vile Clutch
 19460 | Lair:4   | Found a staircase to the Swamp.
 19481 | Lair:4   | You fall into a shaft and drop 2 floors!
 19481 | Lair:6   | Entered Level 6 of the Lair of Beasts
 19781 | Lair:4   | Reached skill level 1 in Earth Magic
 19845 | Lair:4   | Noticed a five-headed hydra
 19865 | Lair:4   | Killed a five-headed hydra
 19865 | Lair:4   | Reached skill level 6 in Necromancy
 20201 | Lair:5   | Found a runed translucent door.
 20248 | Lair:5   | Noticed Yroustr Jeul's ghost (journeyman MiBe)
 20789 | Lair:5   | Reached skill level 7 in Necromancy
 20935 | Lair:5   | Reached **** piety under Kikubaaqudgha
 21712 | Lair:6   | Found a staircase to the Slime Pits.
 21849 | Lair:6   | Reached skill level 8 in Necromancy
 22008 | Lair:6   | Noticed a four-headed hydra
 22020 | Lair:6   | Killed a four-headed hydra
 22067 | Lair:6   | Noticed a six-headed hydra
 22075 | Lair:6   | Killed a six-headed hydra
 22261 | Lair:6   | Reached skill level 9 in Necromancy
 22296 | Lair:6   | Gained mutation: You are in touch with the powers of death.
                  | [Mummy growth]
 22296 | Lair:6   | Reached XP level 13. HP: 67/96 MP: 5/24
 22684 | Lair:6   | Reached skill level 10 in Necromancy
 22686 | Lair:6   | Reached skill level 5 in Earth Magic
 23056 | Lair:6   | Killed from afar by a lindwurm

Levels and vault maps discovered:
D:1:      dpeg_arrival_shelter, layout_basic, chequers_arboretum,
          chequers_serial_rivers_small_b, minmay_lizard_king
D:2:      layout_rooms, nicolae_overflow_crystal_walls, uniq_natasha
D:3:      layout_basic, first_ration
D:4:      layout_basic, old_standard_altar, kennysheep_mini_moat,
          gup_sewer_entry_glass, minivault_14, serial_park_tiny_2
D:5:      layout_rooms, chequers_temple_overflow_statue_of_worship,
          serial_shops, shop, uniq_menkaure, uniq_grinder
D:6:      layout_basic, overflow_temple_1_default, temple_doors_e, serial_glass,
          glass_columns_c, glass_columns_a, glass_columns_a, glass_columns_b,
          glass_columns_a, glass_columns_b, glass_columns_c, glass_columns_c,
          glass_columns_a, glass_columns_c, due_unseen_surprise,
          minmay_strange_pillars, corexii_leaking_fountain, uniq_duvessa
D:7:      layout_gridville, grunt_ogre_cave, hangedman_feature_mirror,
          nicolae_lava_and_water
D:8:      layout_cave_pods, lemuel_coloured_pillars_altar, lair_entry_dummy,
          minmay_misc_feat_hallway, chequers_serial_rivers_room_a, uniq_psyche
D:9:      layout_gridville, uniq_harold
Temple:   jpeg_temple_clearing
Lair:1:   layout_regular_city
Lair:2:   layout_loops_ring, ice2_lemuel, lemuel_fruit_tree, uniq_nergalle
Lair:3:   layout_roguey, minmay_snake_entry_guardpost_medium,
          nicolae_quartered_pool_medium, serial_bayou_shore_b
Lair:4:   layout_regular_city, swamp_mist
Lair:5:   layout_cave_pods, ebering_ghost_reflecting_pool,
          minmay_lair_oklob_chamber
Lair:6:   grunt_lair_end_beastmaster, layout_cave_pods,
          nicolae_slime_entry_slimehenge, lemuel_fruit_fields

Skill      XL: |  1  2  3  4  5  6  7  8  9 10 11 12 13 |
---------------+----------------------------------------+-----
Conjurations   | 1 2 3 4 6 |  6.1
Summonings     | 1 2 |  2.0
Translocations | 1 2 |  2.6
Poison Magic   | 1 3 |  3.2
Fire Magic     | 1 2 4 |  4.7
Air Magic      | 1 3 |  3.3
Fighting       | 3 6 7 |  7.0
Dodging        | 3 5 6 |  6.2
Shields        | 2 4 |  4.3
Evocations     | 1 7 |  7.2
Spellcasting   | 5 7 |  7.9
Necromancy     | 5 9 10 | 10.2
Stealth        | 3 |  3.2
Earth Magic    | 4 5 |  5.0

Action                   |  1- 3 |  4- 6 |  7- 9 | 10-12 | 13-15 || total
-------------------------+-------+-------+-------+-------+-------++-------
Melee: Dagger            |    37 |   233 |       |       |       ||   270
       Whip              |       |    40 |    25 |       |       ||    65
       Mace              |       |       |   333 |   142 |    12 ||   487
       Staff             |       |       |       |    49 |     2 ||    51
Throw: Stone             |       |     6 |     6 |       |       ||    12
       Dart              |       |       |     5 |     7 |       ||    12
 Cast: Magic Dart        |    69 |    72 |   101 |    61 |       ||   303
       Call Imp          |    13 |    21 |    44 |    39 |     4 ||   121
       Mephitic Cloud    |       |    22 |    38 |    41 |     4 ||   105
       Conjure Flame     |       |    11 |    16 |    55 |     3 ||    85
       Blink             |       |     3 |     4 |    44 |       ||    51
       Animate Skeleton  |       |       |       |    44 |     9 ||    53
       Sticky Flame      |       |       |       |   100 |    13 ||   113
       Borgnjor's Vile C |       |       |       |    24 |     7 ||    31
       Vampiric Draining |       |       |       |    21 |    14 ||    35
Evoke: Staff of energy   |       |       |     6 |   146 |    24 ||   176
       Wand              |       |       |       |       |     1 ||     1
  Use: Scroll            |     2 |     3 |     9 |     8 |     2 ||    24
 Stab: Sleeping          |     1 |     6 |     2 |       |       ||     9
       Confused          |       |    12 |    12 |     8 |       ||    32
       Distracted        |       |       |     2 |     1 |       ||     3
Armor: Robe              |    21 |    45 |    84 |   133 |    20 ||   303
Dodge: Dodged            |    41 |   275 |   373 |   483 |    66 ||  1238
Block: Buckler           |       |       |    49 |   143 |     9 ||   201

Table legend:
 A = Non-vault XP
 B = Vault XP
 C = Vault XP percentage of total XP
 D = Non-vault monster count
 E = Vault monster count
 F = Vault count percentage of total count
                 A         B        C        D         E       F
            +---------+---------+-------+---------+---------+-------
      Total |   35395 |    9629 |  21.4 |     308 |      78 |  20.2
            +---------+---------+-------+---------+---------+-------
        D:1 |      38 |      10 |  20.8 |      25 |       9 |  26.5
        D:2 |     141 |      25 |  15.1 |      25 |       1 |   3.8
        D:3 |     137 |       0 |   0.0 |      27 |       0 |   0.0
        D:4 |     304 |      12 |   3.8 |      21 |       6 |  22.2
        D:5 |     452 |     103 |  18.6 |      14 |       1 |   6.7
        D:6 |     158 |     238 |  60.1 |       5 |       2 |  28.6
        D:7 |    1206 |     151 |  11.1 |      26 |       3 |  10.3
        D:8 |    1388 |     363 |  20.7 |      15 |       1 |   6.2
        D:9 |     628 |       0 |   0.0 |      15 |       0 |   0.0
     Lair:1 |    2274 |       0 |   0.0 |      18 |       0 |   0.0
     Lair:2 |    8310 |    3143 |  27.4 |      36 |      12 |  25.0
     Lair:3 |    3126 |     922 |  22.8 |      14 |       6 |  30.0
     Lair:4 |    4752 |       0 |   0.0 |      22 |       0 |   0.0
     Lair:5 |    4576 |      63 |   1.4 |      21 |       4 |  16.0
     Lair:6 |    7905 |    4544 |  36.5 |      24 |      13 |  35.1
      Sewer |       0 |      55 | 100.0 |       0 |      20 | 100.0
            +---------+---------+-------+---------+---------+-------
